AoeStats
← -crike-

Arabia

506808152Analyzed
1v1 RM · 18d ago on Sep 15, 2026· 41m 4s· 2 players
Game mode
Random Map
Map size
Tiny (2 player)
Population
200
Speed
Normal
Resources
Standard
Victory
Conquest
Starting age
Dark Age
Ending age
Imperial Age
RankedLock teamsTeams togetherTeam positionsShared explorationLock speedFull tech treeHidden civsTurbo modeCheats
Victory
Defeat
🇦🇺 Dravidians · Australia
886
+14
🇮🇩 Slavs · Indonesia
852
-38
arrowfunxtion
5:20 Loom
13:22 Feudal Age
19:46 Castle Age
18:09 Double-Bit Axe
25:55 Bow Saw
26:14 Horse Collar
27:52 Heavy Plow
30:02 Scale Barding Armor
30:14 Forging
31:32 Man-at-Arms
31:35 Pikeman
33:15 Gold Mining
32:50 Long Swordsman
35:13 Iron Casting
35:37 Gold Shaft Mining
34:57 Elite Skirmisher
36:14 Scale Mail Armor
36:08 Pikeman
38:39 Wheelbarrow
-crike-
6:40 Loom
10:38 Feudal Age
11:07 Double-Bit Axe
11:07 Horse Collar
19:00 Castle Age
19:58 Crossbowman
20:35 Fletching
20:54 Gold Mining
23:30 Padded Archer Armor
23:32 Bodkin Arrow
25:11 Heavy Plow
27:21 Wheelbarrow
26:26 Pikeman
34:11 Imperial Age
34:13 Forging
34:45 Scale Mail Armor
34:26 Halberdier
36:08 Conscription
37:05 Iron Casting
36:32 Bracer
36:58 Scale Barding Armor
36:14 Light Cavalry
36:56 Husbandry
37:49 Gambesons
37:50 Arson
37:26 Man-at-Arms
39:48 Blast Furnace
38:47 Long Swordsman
39:34 Two-Handed Swordsman
40:16 Squires
Connection lost

Rejoining the realm…

Still unreachable

The connection could not be restored.

Session expired

The server has moved on; the page needs a fresh start.